TOP OF THE 1ST |
Hendersonville Hitmen batting - Pitching for Orlando Calrissian : LHP Mark Collins
|
Pitching: LHP Mark Collins
|
|
Batting: RHB Eduardo García
|
0-0: Called Strike 0-1: Ball 1-1: Called Strike 1-2: Fly out, F4 (Popup, 6MD)
|
Batting: LHB Lorenzo Quintanilla
|
0-0: Foul Ball, location: 2F 0-1: Ball 1-1: DOUBLE (Line Drive, 5L)
|
Batting: RHB Manolo Román
|
0-0: Ball 1-0: Ball 2-0: Foul Ball, location: 2F 2-1: Ball 3-1: Foul Ball, location: 2F 3-2: Strikes out swinging
|
Batting: LHB Tony Abete
|
0-0: Ball 1-0: Ball 2-0: Called Strike 2-1: Foul Ball, location: 2F 2-2: Strikes out looking
|
Top of the 1st over - 0 run(s), 1 hit(s), 0 error(s), 1 left on base; Hendersonville 0 - Orlando 0 |
BOTTOM OF THE 1ST |
Orlando Calrissian batting - Pitching for Hendersonville Hitmen : LHP Simon Martel
|
Pitching: LHP Simon Martel
|
|
Batting: LHB Juan Colón
|
0-0: Ground out 4-3 (Groundball, 34)
|
Batting: SHB Tim Abbott
|
0-0: Ball 1-0: Ball 2-0: Ball 3-0: Called Strike 3-1: Called Strike 3-2: Foul Ball, location: 2F 3-2: SINGLE (Line Drive, 7S)
|
Batting: LHB Santiago Márquez
|
0-0: Ball 1-0: Fielders Choice at 2nd, 3-6 (Groundball, 34)
|
Batting: RHB Rich Anderson
|
Pickoff Throw to First - Out!
|
Bottom of the 1st over - 0 run(s), 1 hit(s), 0 error(s), 0 left on base; Hendersonville 0 - Orlando 0 |
TOP OF THE 2ND |
Hendersonville Hitmen batting - Pitching for Orlando Calrissian : LHP Mark Collins
|
Batting: RHB Robert Buckley
|
0-0: Called Strike 0-1: Fly out, F5 (Line Drive, 5)
|
Batting: RHB Felipe Rivera
|
0-0: Called Strike 0-1: Swinging Strike 0-2: Strikes out swinging
|
Batting: RHB Junior Vargas
|
0-0: Foul Ball, location: 2F 0-1: Ball 1-1: Foul Ball, location: 2F 1-2: Ground out 4-3 (Groundball, 34)
|
Top of the 2nd over - 0 run(s), 0 hit(s), 0 error(s), 0 left on base; Hendersonville 0 - Orlando 0 |
BOTTOM OF THE 2ND |
Orlando Calrissian batting - Pitching for Hendersonville Hitmen : LHP Simon Martel
|
Batting: RHB Rich Anderson
|
0-0: Ball 1-0: Foul Ball, location: 2F 1-1: Swinging Strike 1-2: Strikes out swinging
|
Batting: RHB Raúl Canó
|
0-0: Called Strike 0-1: Ball 1-1: Foul Ball, location: 2F 1-2: SOLO HOME RUN (Flyball, 89XD), Distance : 411 ft
|
Batting: RHB Frederico Hernández
|
0-0: Ball 1-0: Ball 2-0: Ground out 5-3 (Groundball, 56S)
|
Batting: RHB Kenny Cole
|
0-0: Ball 1-0: Ball 2-0: Swinging Strike 2-1: Called Strike 2-2: Ball 3-2: Strikes out swinging
|
Bottom of the 2nd over - 1 run(s), 1 hit(s), 0 error(s), 0 left on base; Hendersonville 0 - Orlando 1 |
TOP OF THE 3RD |
Hendersonville Hitmen batting - Pitching for Orlando Calrissian : LHP Mark Collins
|
Batting: RHB Taylor McFarland
|
0-0: Called Strike 0-1: DOUBLE (Line Drive, 7LS)
|
Batting: RHB Robert Bly
|
0-0: Ball 1-0: Foul Ball, location: 2F 1-1: Foul Ball, location: 2F 1-2: Foul Ball, location: 2F 1-2: Foul Ball, location: 2F 1-2: Ball 2-2: Foul Ball, location: 2F 2-2: Foul Ball, location: 2F 2-2: Strikes out swinging
|
Batting: RHB Eduardo García
|
0-0: Ball 1-0: SINGLE (Groundball, 34) Taylor McFarland to third
|
Batting: LHB Lorenzo Quintanilla
|
0-0: Called Strike 0-1: Ball 1-1: Called Strike 1-2: Ball 2-2: Ball 3-2: Strikes out swinging
|
Batting: RHB Manolo Román
|
0-0: SINGLE (Line Drive, 7S) Taylor McFarland scores Eduardo García to second
|
Batting: LHB Tony Abete
|
0-0: Ball 1-0: Called Strike 1-1: Ball 2-1: Foul Ball, location: 2F 2-2: Ball 3-2: Strikes out swinging
|
Top of the 3rd over - 1 run(s), 3 hit(s), 0 error(s), 2 left on base; Hendersonville 1 - Orlando 1 |
BOTTOM OF THE 3RD |
Orlando Calrissian batting - Pitching for Hendersonville Hitmen : LHP Simon Martel
|
Batting: RHB Enrique Bermúdez
|
0-0: Ball 1-0: Ball 2-0: Ground out 5-3 (Groundball, 5L)
|
Batting: SHB Chris Byrd
|
0-0: Swinging Strike 0-1: Ground out 5-3 (Groundball, 56)
|
Batting: LHB Juan Colón
|
0-0: Ball 1-0: Foul Ball, location: 2F 1-1: Ball 2-1: Ground out 6-3 (Groundball, 6M)
|
Bottom of the 3rd over - 0 run(s), 0 hit(s), 0 error(s), 0 left on base; Hendersonville 1 - Orlando 1 |
TOP OF THE 4TH |
Hendersonville Hitmen batting - Pitching for Orlando Calrissian : LHP Mark Collins
|
Batting: RHB Robert Buckley
|
0-0: Ball 1-0: Swinging Strike 1-1: Ball 2-1: Foul Ball, location: 2F 2-2: Strikes out swinging
|
Batting: RHB Felipe Rivera
|
0-0: SINGLE (Groundball, 5D)
|
Batting: RHB Junior Vargas
|
0-0: Ball 1-0: Swinging Strike 1-1: Ball 2-1: Foul Ball, location: 2F 2-2: Strikes out swinging
|
Batting: RHB Taylor McFarland
|
0-0: Called Strike 0-1: Foul Ball, location: 2F 0-2: Strikes out looking
|
Top of the 4th over - 0 run(s), 1 hit(s), 0 error(s), 1 left on base; Hendersonville 1 - Orlando 1 |
BOTTOM OF THE 4TH |
Orlando Calrissian batting - Pitching for Hendersonville Hitmen : LHP Simon Martel
|
Batting: SHB Tim Abbott
|
0-0: Ball 1-0: Foul Ball, location: 2F 1-1: SINGLE (Groundball, 56D)
|
Batting: LHB Santiago Márquez
|
0-0: Foul Ball, location: 2F 0-1: Fly out, F7 (Flyball, 78XD) Runner from 1st tags up, SAFE at 2nd
|
Batting: RHB Rich Anderson
|
0-0: Called Strike 0-1: Called Strike 0-2: Ball 1-2: Ball 2-2: Ground out 6-3 (Groundball, 6) Tim Abbott to third
|
Batting: RHB Raúl Canó
|
0-0: Called Strike 0-1: Ball 1-1: Ball 2-1: Ball 3-1: Fly out, F9 (Popup, 9S)
|
Bottom of the 4th over - 0 run(s), 1 hit(s), 0 error(s), 1 left on base; Hendersonville 1 - Orlando 1 |
TOP OF THE 5TH |
Hendersonville Hitmen batting - Pitching for Orlando Calrissian : LHP Mark Collins
|
Batting: RHB Robert Bly
|
0-0: Called Strike 0-1: SINGLE (Groundball, 56)
|
Batting: RHB Eduardo García
|
0-0: Ball 1-0: Called Strike 1-1: Swinging Strike 1-2: Strikes out looking
|
Batting: LHB Lorenzo Quintanilla
|
0-0: Grounds into double play, 3-6-3 (Groundball, 3)
|
Top of the 5th over - 0 run(s), 1 hit(s), 0 error(s), 0 left on base; Hendersonville 1 - Orlando 1 |
BOTTOM OF THE 5TH |
Orlando Calrissian batting - Pitching for Hendersonville Hitmen : LHP Simon Martel
|
Batting: RHB Frederico Hernández
|
0-0: Called Strike 0-1: Swinging Strike 0-2: Foul Ball, location: 2F 0-2: Foul Ball, location: 2F 0-2: SOLO HOME RUN (Flyball, 9D), Distance : 378 ft
|
Batting: RHB Kenny Cole
|
0-0: Ball 1-0: Foul Ball, location: 2F 1-1: Called Strike 1-2: Strikes out looking
|
Batting: RHB Enrique Bermúdez
|
0-0: Fly out, F8 (Flyball, 8LXD)
|
Batting: SHB Chris Byrd
|
0-0: Called Strike 0-1: Ball 1-1: Ground out 6-3 (Groundball, 6M)
|
Bottom of the 5th over - 1 run(s), 1 hit(s), 0 error(s), 0 left on base; Hendersonville 1 - Orlando 2 |
TOP OF THE 6TH |
Hendersonville Hitmen batting - Pitching for Orlando Calrissian : LHP Mark Collins
|
Batting: RHB Manolo Román
|
0-0: Swinging Strike 0-1: Ball 1-1: Ball 2-1: Ball 3-1: Swinging Strike 3-2: Strikes out swinging
|
Batting: LHB Tony Abete
|
0-0: Ball 1-0: Called Strike 1-1: Ground out 6-3 (Groundball, 6M)
|
Batting: RHB Robert Buckley
|
0-0: Ground out 4-3 (Groundball, 4)
|
Top of the 6th over - 0 run(s), 0 hit(s), 0 error(s), 0 left on base; Hendersonville 1 - Orlando 2 |
BOTTOM OF THE 6TH |
Orlando Calrissian batting - Pitching for Hendersonville Hitmen : LHP Simon Martel
|
Batting: LHB Juan Colón
|
0-0: Hit by Pitch
|
Batting: SHB Tim Abbott
|
0-0: Grounds into double play, 6-4-3 (Groundball, 6)
|
Batting: LHB Santiago Márquez
|
0-0: Called Strike 0-1: Ball 1-1: Fly out, F8 (Flyball, 8LM)
|
Bottom of the 6th over - 0 run(s), 0 hit(s), 0 error(s), 0 left on base; Hendersonville 1 - Orlando 2 |
TOP OF THE 7TH |
Hendersonville Hitmen batting - Pitching for Orlando Calrissian : LHP Mark Collins
|
Batting: RHB Felipe Rivera
|
0-0: Ball 1-0: Called Strike 1-1: Foul Ball, location: 2F 1-2: Ball 2-2: Fly out, F9 (Flyball, 89D)
|
Batting: RHB Junior Vargas
|
0-0: Ball 1-0: Ball 2-0: Ball 3-0: Called Strike 3-1: Called Strike 3-2: Foul Ball, location: 2F 3-2: Foul Ball, location: 2F 3-2: Strikes out swinging
|
Batting: RHB Taylor McFarland
|
0-0: Called Strike 0-1: Ball 1-1: SINGLE (Line Drive, 8RS)
|
Batting: RHB Robert Bly
|
0-0: Called Strike 0-1: Ball 1-1: Ball 2-1: Fly out, F3 (Line Drive, 34)
|
Top of the 7th over - 0 run(s), 1 hit(s), 0 error(s), 1 left on base; Hendersonville 1 - Orlando 2 |
BOTTOM OF THE 7TH |
Orlando Calrissian batting - Pitching for Hendersonville Hitmen : LHP Simon Martel
|
Batting: RHB Rich Anderson
|
0-0: Ball 1-0: Foul Ball, location: 2F 1-1: Fly out, F2 (Popup, 2R)
|
Batting: RHB Raúl Canó
|
0-0: Fly out, F7 (Line Drive, 7D)
|
Batting: RHB Frederico Hernández
|
0-0: Foul Ball, location: 2F 0-1: Foul Ball, location: 2F 0-2: Ball 1-2: Foul Ball, location: 2F 1-2: Ball 2-2: Foul Ball, location: 2F 2-2: SOLO HOME RUN (Flyball, 78XD), Distance : 395 ft
|
Batting: RHB Kenny Cole
|
0-0: Foul Ball, location: 2F 0-1: Called Strike 0-2: Ball 1-2: Ball 2-2: Foul Ball, location: 2F 2-2: Strikes out swinging
|
Bottom of the 7th over - 1 run(s), 1 hit(s), 0 error(s), 0 left on base; Hendersonville 1 - Orlando 3 |
TOP OF THE 8TH |
Hendersonville Hitmen batting - Pitching for Orlando Calrissian : LHP Mark Collins
|
Pitching: RHP Sloan Otto
|
|
Batting: RHB Eduardo García
|
0-0: Called Strike 0-1: Called Strike 0-2: Ball 1-2: Ball 2-2: SOLO HOME RUN (Flyball, 78XD), Distance : 407 ft
|
Pitching: LHP Carlos Berru
|
|
Batting: LHB Lorenzo Quintanilla
|
0-0: Foul Ball, location: 2F 0-1: Foul Ball, location: 2F 0-2: Ball 1-2: Foul Ball, location: 2F 1-2: Ball 2-2: Ball 3-2: Base on Balls
|
Pitching: RHP Stan Stewart
|
|
Batting: RHB Manolo Román
|
0-0: Grounds into double play, 6-4-3 (Groundball, 6)
|
Pitching: LHP José Ramírez
|
|
Batting: LHB Tony Abete
|
0-0: Foul Ball, location: 2F 0-1: Called Strike 0-2: Ball 1-2: Ball 2-2: Fly out, F7 (Flyball, 78D)
|
Top of the 8th over - 1 run(s), 1 hit(s), 0 error(s), 0 left on base; Hendersonville 2 - Orlando 3 |
BOTTOM OF THE 8TH |
Orlando Calrissian batting - Pitching for Hendersonville Hitmen : LHP Simon Martel
|
Pitching: RHP Robinson Gonzáles
|
|
Batting: RHB Enrique Bermúdez
|
0-0: Swinging Strike 0-1: Called Strike 0-2: Ball 1-2: Strikes out swinging, 2-3 out at first.
|
Batting: SHB Chris Byrd
|
0-0: Foul Ball, location: 2F 0-1: Foul Ball, location: 2F 0-2: Ball 1-2: Foul Ball, location: 2F 1-2: Strikes out swinging
|
Batting: LHB Juan Colón
|
0-0: Ball 1-0: Fly out, F9 (Flyball, 9D)
|
Bottom of the 8th over - 0 run(s), 0 hit(s), 0 error(s), 0 left on base; Hendersonville 2 - Orlando 3 |
TOP OF THE 9TH |
Hendersonville Hitmen batting - Pitching for Orlando Calrissian : LHP José Ramírez
|
Pitching: LHP Salvador Rodríguez
|
|
Batting: RHB Robert Buckley
|
0-0: Ball 1-0: Ball 2-0: Ground out 4-3 (Groundball, 4M)
|
Batting: RHB Felipe Rivera
|
0-0: Swinging Strike 0-1: Foul Ball, location: 2F 0-2: Foul Ball, location: 2F 0-2: Ground out 6-3 (Groundball, 6M)
|
Batting: RHB Junior Vargas
|
0-0: SINGLE (Groundball, 4MD)
|
Batting: RHB Taylor McFarland
|
0-0: Called Strike 0-1: Ball 1-1: Ball 2-1: Ball 3-1: Called Strike 3-2: Ground out 5-3 (Groundball, 5S)
|
Top of the 9th over - 0 run(s), 1 hit(s), 0 error(s), 1 left on base; Hendersonville 2 - Orlando 3 |
|